 Dungeon Crawl Stone Soup version 0.29.1-13-g9f3cf754e1 (webtiles) character file.

Game seed: 12128358495641928190

217 Thatpatchoflichen the Shooter (level 5, 0/32 HPs)
             Began as a Deep Elf Hunter on Feb 7, 2023.
             Succumbed to a gnoll's poison
             ... on level 3 of the Dungeon.
             The game lasted 00:06:37 (2722 turns).

Thatpatchoflichen the Shooter (Deep Elf Hunter)     Turns: 2722, Time: 00:06:38

Health: 0/32       AC:  4    Str:  7 (8)  XL:     5   Next: 61%
Magic:  7/7        EV: 13    Int: 13 (14) God:
Gold:   153        SH:  0    Dex: 17 (20) Spells: 4/4 levels left

rFire   . . .      SeeInvis .   a - +0 shortbow
rCold   . . .      Faith    .   (shield currently unavailable)
rNeg    . . .      Spirit   .   c - +0 leather armour
rPois   +          Reflect  .   (no helmet)
rElec   .          Harm     .   (no cloak)
rCorr   .          Rampage  .   u - +0 pair of gloves
Will    .....                   (no boots)
Stlth   ++........              (no amulet)
HPRegen 0.10/turn               f - ring of wizardry
MPRegen 0.10/turn               p - ring of poison resistance

@: lethally poisoned (0 -> -9), hasted, very quick
A: no striking features
a: no special abilities


You were on level 3 of the Dungeon.
You visited 1 branch of the dungeon, and saw 4 of its levels.

You collected 153 gold pieces.

Inventory:

Hand Weapons
 a - a +0 shortbow (weapon)
 o - a +1 dagger of venom
 r - the +4 whip "Oscheatusch" {drain, rPois rN+}
   (You found it on level 3 of the Dungeon)

   A truly terrible weapon, it drains the life of any living foe it strikes.
   rPois:     It protects you from poison.
   rN:        It protects you from negative energy.
Missiles
 t - 5 poisoned darts
Armour
 c - a +0 leather armour (worn)
 u - a +0 pair of gloves (worn)
Jewellery
 f - a ring of wizardry (left hand)
 p - a ring of poison resistance (right hand)
Scrolls
 b - a scroll of immolation
 e - a scroll of teleportation {unknown}
 h - a scroll of brand weapon {unknown}
 i - 2 scrolls of identify {unknown}
 j - a scroll of poison {unknown}
 k - a scroll of noise {unknown}
 l - 2 scrolls of amnesia {unknown}
 m - a scroll of enchant armour {unknown}
 s - a scroll of magic mapping {unknown}
Potions
 d - a potion of degeneration
 g - a potion of haste
 n - a potion of lignification {unknown}
 q - a potion of mutation {unknown}


   Skills:
 + Level 3.4 Fighting
 - Level 6.0 Ranged Weapons
 + Level 5.0 Dodging
 - Level 1.2 Stealth


You had 4 spell levels left.
You didn't know any spells.
Your spell library contained the following spells:

 Spells                   Type           Power      Damage    Failure   Level
 Gell's Gravitas          Tloc           0%         N/A       45%         3
 Teleport Other           Tloc           0%         N/A       45%         3
 Dispersal                Tloc           0%         N/A       100%        6


Dungeon Overview and Level Annotations

Branches:
Dungeon (4/15)
 Temple: D:4-7

Altars:
Hepliaklqana

Annotations:
D:3 2 runed translucent doors


Message History

You become entangled in the net!
You cannot shoot with your shortbow while held in a net.
Unknown command.
Unknown command.
You cannot shoot with your shortbow while held in a net.
You cannot shoot with your shortbow while held in a net.
Unknown command.
Unknown command.
You cannot shoot with your shortbow while held in a net.
Unknown command.
You cannot shoot with your shortbow while held in a net.
You struggle against the net.
You tear a large gash into the net.
The gnoll hits you from afar with a +2 spear of venom.
You shred the net and break free!
The gnoll hits you from afar with a +2 spear of venom!
You are poisoned.
Fire: a) +0 shortbow
Press: ? - help, Q - select action, (/) - cycle Shift-Dir - straight line, f/p - gnoll
Aim: a gnoll, wielding a +2 spear of venom (severely wounded, 69% to hit)
You shoot an arrow. The arrow hits the gnoll.
The gnoll is almost dead.
You feel very sick. The gnoll misses you.
Fire: a) +0 shortbow
Press: ? - help, Q - select action, (/) - cycle Shift-Dir - straight line, f/p - gnoll
Aim: a gnoll, wielding a +2 spear of venom (almost dead, 69% to hit)
You shoot an arrow. The arrow barely misses the gnoll.
You feel very sick.
The gnoll hits you from afar with a +2 spear of venom.
* * * LOW HITPOINT WARNING * * *
The gnoll hits you from afar with a +2 spear of venom.
* * * LOW HITPOINT WARNING * * *
It was a potion of haste.
You feel yourself speed up.
* * * LOW HITPOINT WARNING * * *
You feel sick. The gnoll misses you.
It was a potion of degeneration.
There was something very wrong with that liquid.
You feel weakened.
You feel dopey.
You feel clumsy.
You die...

###...... §#.......
⌠§#....... ####
..+....... ...# ###
#§+.......###.###.)..
.§#...............#
..#.....##..#..g..#
#..........@#
######......###..##
#...........#
#...######..
##.........##
#.#........#
###..<.....#
#.#######..#
..###)....^# #.#
#..........#.....
#####........###.
#.)..........


You could see a gnoll.

Vanquished Creatures
  Natasha (thrice) (D:2)
  6 gnolls (D:3)
  3 adders (D:3)
  2 worms
  An orc (D:3)
  5 bats
  3 endoplasms (D:1)
  3 giant cockroaches
  8 goblins
  5 hobgoblins
  5 kobolds
  A quokka (D:1)
  2 ball pythons (D:1)
  3 frilled lizards
  5 rats
55 creatures vanquished.

Notes
Turn   | Place    | Note
-------+----------+-------------------------------------------
     0 | D:1      | Thatpatchoflichen the Deep Elf Hunter began the quest for
                  | the Orb.
     0 | D:1      | Reached XP level 1. HP: 12/12 MP: 3/3
   144 | D:1      | Reached XP level 2. HP: 17/17 MP: 4/4
   898 | D:2      | Reached skill level 6 in Ranged Weapons
   903 | D:2      | Reached XP level 3. HP: 21/21 MP: 5/5
  1077 | D:2      | Noticed Natasha
  1083 | D:2      | Killed Natasha
  1087 | D:2      | Noticed Natasha
  1202 | D:2      | Killed Natasha
  1203 | D:2      | Reached XP level 4. HP: 7/27 MP: 6/6
  1478 | D:2      | Noticed Natasha
  1484 | D:2      | Killed Natasha
  1622 | D:2      | Found a faded altar of an unknown god.
  2099 | D:3      | Reached XP level 5. HP: 32/32 MP: 7/7
  2122 | D:3      | Identified the +4 whip "Oscheatusch" {drain, rPois rN+}
  2352 | D:3      | Found a hazy altar of Hepliaklqana.
  2691 | D:3      | Found a large runed translucent door.
  2692 | D:3      | Found a large runed translucent door.
  2710 | D:3      | Reached skill level 5 in Dodging
  2722 | D:3      | Succumbed to a gnoll's poison

Illustrated notes

Levels and vault maps discovered:
D:1:      dpeg_arrival_rooms_c, layout_basic, minmay_tromino_mix6
D:2:      layout_rooms, dreamdust_ecumenical_altar_angels_and_demons,
          uniq_natasha
D:3:      layout_rooms, mainiacjoe_overflow_paths, ebering_ghost_disaster_area,
          dk_noncrumbling_2
D:4:      layout_rooms, general_overflow_altar, grunt_temple_overflow_open,
          lightli_minifort

Skill      XL: |  1  2  3  4  5 |
---------------+----------------+-----
Ranged Weapons | 6 |  6.0
Dodging        | 3 4 5 |  5.0
Fighting       | 2 3 |  3.4
Stealth        | |  1.2

Action                   |  1- 3 |  4- 6 || total
-------------------------+-------+-------++-------
 Fire: Shortbow          |    90 |    93 ||   183
  Use: Potion            |       |     2 ||     2
Armor: Leather armour    |    12 |     9 ||    21
Dodge: Dodged            |    19 |    31 ||    50
